 Dungeon Crawl Stone Soup version 0.27-a0-1149-g4505690ab0 (webtiles) character file.

Game seed: 2860046591822354566

182838 Sobieck the Executioner (level 19, -12/143 HPs)
             Began as a Formicid Fighter on May 13, 2021.
             Was the Champion of Okawaru.
             Mangled by an emperor scorpion (19 damage)
             ... on level 4 of the Spider Nest.
             The game lasted 01:49:54 (35712 turns).

Sobieck the Executioner (Formicid Fighter)         Turns: 35712, Time: 01:49:55

Health: -12/143    AC: 23    Str: 29      XL:     19   Next: 5%
Magic:  0/35       EV: 18    Int:  5      God:    Okawaru [******]
Gold:   2615       SH: 27    Dex:  9 (10) Spells: 18/18 levels left

rFire    . . .     SeeInvis +   a - +9 executioner's axe of Desperation {freeze, Will+, @e2axerare=g}
rCold    + + +     Faith    .   r - +3 tower shield {reflect}
rNeg     . . .     Spirit   +   U - +7 scale mail of Kleptomania {rCorr Slay+3}
rPois    +         Reflect  +   (helmet unavailable)
rElec    .         Harm     .   s - +1 cloak of Words of Power {rC+++ Will- Regen+ Int-3}
rCorr    +         Rampage  .   E - +0 pair of gloves "Gaota" {Regen+}
Will     ++...                  P - +0 pair of boots
Stlth    ++........             x - amulet "Ikaghaoj" {Spirit rPois Slay+3}
HPRegen  2.33/turn              d - +4 ring of evasion
MPRegen  0.24/turn              m - ring of magical power

@: lethally poisoned (-12 -> -16), heroic, unable to read
A: permanent stasis, dig shafts and tunnels, antennae 3, four strong arms,
strong-willed 1, inability to read while threatened, sturdy frame 1
a: Dig, Shaft Self, Renounce Religion, Heroism, Finesse


You were on level 4 of the Spider Nest.
You worshipped Okawaru.
Okawaru was exalted by your worship.
You visited 6 branches of the dungeon, and saw 29 of its levels.
You also visited: Ice Cave.

You collected 3773 gold pieces.
You spent 1158 gold pieces at shops.


Innate Abilities, Weirdness & Mutations

You cannot be hasted, slowed, berserked, paralysed or teleported.
You can dig through walls and to a lower floor.
You have a pair of large antennae on your head. (SInv)
Your four strong arms can wield two-handed weapons with a shield.
You are strong-willed. (Will+)
You sometimes lose the ability to read scrolls when taking damage.
Your movements are slightly less encumbered by armour. (ER -2)


   Skills:
 - Level 11.0(16.0) Fighting
 * Level 22.7(27) Axes
 + Level 10.5(15.5) Armour
 + Level 6.9(11.9) Dodging
 - Level 15.0(20.0) Shields
 - Level 10.0 Invocations


You had 18 spell levels left.
You didn't know any spells.
Your spell library contained the following spells:

 Spells                   Type           Power      Damage    Failure   Level
 Apportation              Tloc           0%         N/A       58%         1
 Beastly Appendage        Tmut           0%         N/A       58%         1
 Magic Dart               Conj           0%         1d3       58%         1
 Sandblast                Erth           0%         2d4       58%         1
 Call Imp                 Summ           0%         N/A       73%         2
 Passwall                 Tmut/Erth      0%         N/A       73%         2
 Poisonous Vapours        Pois/Air       0%         N/A       73%         2
 Slow                     Hex            0%         N/A       73%         2
 Wereblood                Tmut           0%         N/A       73%         2
 Confusing Touch          Hex            0%         N/A       91%         3
 Conjure Flame            Conj/Fire      0%         6-21      91%         3
 Gell's Gravitas          Tloc           0%         N/A       91%         3
 Lesser Beckoning         Tloc           0%         N/A       91%         3
 Mephitic Cloud           Conj/Pois/Air  0%         N/A       91%         3
 Spider Form              Tmut/Pois      0%         N/A       91%         3
 Stone Arrow              Conj/Erth      0%         3d7       91%         3
 Tukima's Dance           Hex            0%         N/A       91%         3
 Animate Armour           Summ/Erth      0%         N/A       100%        4
 Ice Form                 Ice/Tmut       0%         N/A       100%        4
 Leda's Liquefaction      Hex/Erth       0%         N/A       100%        4
 Petrify                  Tmut/Erth      0%         N/A       100%        4
 Summon Ice Beast         Ice/Summ       0%         N/A       100%        4
 Summon Lightning Spire   Summ/Air       0%         N/A       100%        4
 Alistair's Intoxication  Tmut/Pois      0%         N/A       100%        5
 Bolt of Magma            Conj/Fire/Erth 0%         4d4       100%        5
 Hydra Form               Tmut           0%         N/A       100%        5
 Irradiate                Conj/Tmut      0%         3d13      100%        5
 Iskenderun's Battlesphe  Conj           0%         2d6       100%        5
 Lee's Rapid Deconstruct  Erth           0%         3d5*      100%        5
 Metabolic Englaciation   Hex/Ice        0%         N/A       100%        5
 Silence                  Hex/Air        0%         N/A       100%        5
 Yara's Violent Unravell  Hex/Tmut       0%         3d3       100%        5
 Blade Hands              Tmut           0%         N/A       100%        6
 Conjure Ball Lightning   Conj/Air       0%         3x3d6     100%        6
 Freezing Cloud           Conj/Ice/Air   0%         6-21      100%        6
 Invisibility             Hex            0%         N/A       100%        6
 Iron Shot                Conj/Erth      0%         9d1       100%        6
 Simulacrum               Ice/Necr       0%         N/A       100%        6
 Statue Form              Tmut/Erth      0%         N/A       100%        6
 Dragon Form              Tmut           0%         N/A       100%        7
 Orb of Destruction       Conj           0%         N/A       100%        7
 Ozocubu's Refrigeration  Ice            0%         4d5       100%        7
 Spellforged Servitor     Conj/Summ      0%         N/A       100%        7
 Shatter                  Erth           0%         3d5*      100%        9
 Tornado                  Air            0%         N/A       100%        9
 Blink                    Tloc           Unusable   N/A       N/A         2

Inventory:

Hand Weapons
 a - the +9 executioner's axe of Desperation (weapon) {freeze, Will+, @e2axerare=g}
   (Okawaru gifted it to you on level 4 of the Lair of Beasts)

   It has been specially enchanted to freeze those struck by it, causing extra
   injury to most foes and up to half again as much damage against particularly
   susceptible opponents.
   It can also slow down cold-blooded creatures.
   It increases your willpower.
 b - a +4 longbow of freezing {bow}
   (You found it in an ice cave)
 f - the +1 battleaxe "Jugyit" {vorpal, +Blink rPois rN+++ Dex-4, axe}
   (Okawaru gifted it to you on level 1 of the Spider Nest)

   It inflicts extra damage upon your enemies.
   It affects your dexterity (-4).
   It protects you from poison.
   It renders you almost immune to negative energy.
   It lets you blink.
 o - a +5 battleaxe of flaming {axe}
   (Okawaru gifted it to you on level 3 of the Lair of Beasts)
 w - the +7 hand crossbow of the Mushroom {penet, rC++ Dex+5, crossbow}
   (You found it in an ice cave)

   Ammo fired by it passes through the targets it hits, potentially hitting all
   targets in its path until it reaches maximum range.
   It affects your dexterity (+5).
   It greatly protects you from cold.
Missiles
 c - 9 boomerangs of dispersal {=f!fthrowing}
 e - 843 arrows
 q - 101 poisoned darts {throwing}
 v - 8 javelins (quivered) {throwing}
 C - 137 bolts
 F - 56 boomerangs {throwing}
 G - 2 throwing nets {=f!fthrowing}
 L - 15 silver boomerangs {throwing}
 N - 8 atropa-tipped darts {throwing}
 X - a curare-tipped dart {=fthrowing}
 Y - 17 silver javelins {throwing}
Armour
 r - a +3 tower shield of reflection (worn)
   (You bought it in a shop on level 1 of the Orcish Mines)
 s - the +1 cloak of Words of Power (worn) {rC+++ Will- Regen+ Int-3}
   (You acquired it on level 15 of the Dungeon)

   It affects your intelligence (-3).
   It renders you almost immune to cold.
   It increases your rate of health regeneration.
   It decreases your willpower.
 y - the +5 tower shield of Saifec {rF++ Int-2}
   (Okawaru gifted it to you on level 3 of the Spider Nest)

   It affects your intelligence (-2).
   It greatly protects you from fire.
 E - the +0 pair of gloves "Gaota" (worn) {Regen+}
   (You bought it in a shop on level 1 of the Orcish Mines)

   It increases your rate of health regeneration.
 P - a +0 pair of boots (worn)
   (You found it on level 11 of the Dungeon)
 U - the +7 scale mail of Kleptomania (worn) {rCorr Slay+3}
   (You bought it in a shop on level 1 of the Orcish Mines)

   It affects your accuracy and damage with ranged weapons and melee attacks
   (+3).
   It protects you from acid and corrosion.
Jewellery
 d - a +4 ring of evasion (left hand)
   (You took it off Jessica on level 2 of the Dungeon)
 k - a ring of protection from fire
   (You found it in an ice cave)
 m - a ring of magical power (right hand)
   (You found it on level 2 of the Spider Nest)
 x - the amulet "Ikaghaoj" (around neck) {Spirit rPois Slay+3}
   (You found it on level 1 of the Lair of Beasts)

   [amulet of guardian spirit]

   It causes incoming damage to be divided between your reserves of health and
   magic.
   It affects your accuracy and damage with ranged weapons and melee attacks
   (+3).
   It protects you from poison.
 R - a ring of flight
   (You found it on level 9 of the Dungeon)
 W - a +4 ring of protection
   (You took it off an orc on level 8 of the Dungeon)
Wands
 z - a wand of acid (19)
   (You found it on level 11 of the Dungeon)
 D - a wand of mindburst (39)
   (You found it on level 5 of the Dungeon)
 V - a wand of iceblast (26)
   (You took it off an orc on level 8 of the Dungeon)
Scrolls
 g - 2 scrolls of immolation {!r!r}
 h - 19 scrolls of identify {@r1}
 l - 2 scrolls of summoning
 n - 4 scrolls of magic mapping {!r}
 t - 4 scrolls of fog
 u - a scroll of fear
 B - 3 scrolls of silence {!r}
 K - 2 scrolls of vulnerability {!r!r}
 M - a scroll of holy word
Potions
 i - 4 potions of resistance
 j - 6 potions of mutation {!q}
 p - 9 potions of curing {@q1}
 A - 8 potions of might
 H - a potion of brilliance
 I - 3 potions of cancellation
 J - 4 potions of lignification {!q}
 O - a potion of invisibility
 Q - a potion of ambrosia
Miscellaneous
 T - a phial of floods
   (You found it on level 15 of the Dungeon)
 Z - a phantom mirror
   (You found it on level 6 of the Lair of Beasts)

Dungeon Overview and Level Annotations

Branches:
Dungeon (15/15)            Temple (1/1) D:5            Lair (6/6) D:9
  Swamp (0/4) Lair:3       Spider (4/4) Lair:4        Slime (0/5) Lair:6
    Orc (2/2) D:12            Elf (1/3) Orc:2        Vaults (0/5) D:14
 Depths (0/5) D:15          IceCv (visited)

Altars:
Cheibriados
Dithmenos
Gozag
Nemelex Xobeh
Okawaru
Ru
Sif Muna
Trog
Uskayaw
Vehumet
Xom
Zin
The Shining One
Beogh

Shops:
D:8 (   Orc:1 [   Orc:2 ([([*

Annotations:
D:8 exclusion: 2 downstairs
D:12 1 runed translucent door, Rohain's ghost, journeyman DDFi
Lair:4 2 transporters
Lair:5 exclusion: downstairs
Spider:2 exclusion: downstairs

##....# ##.. #..†..# #≈.
###..†.# #.. #.≈.†.## #
#.. #####...### # ##.#
..##.†≈## #
#..####yyy^##≈.### ##
##..≈.≈##yy.##..†≈## #.
#......@s#{ #≈....## #.
#..≈##†.s# ##...†.###.
#...#####y..###≈....^.†.
###≈..# ...##^..^≈..†††
#..≈# ..##≈..##..^'.
#..## #+##.[.##.###.
#..^### ##..≈.## #.
##.^≈≈## #....## #.
#≈..†.# ####.^.≈####


You could see 2 emperor scorpions and 4 hornets.


Message History

The emperor scorpion barely misses you.
You block the emperor scorpion's attack.
You hear an angry buzzing noise. 😮 HP[+2] MP[+1]
You regained 2 hp, and now have 97/143 hp.
You hit the emperor scorpion. You freeze the emperor scorpion.
You block the emperor scorpion's attack. x2
The emperor scorpion misses you.
The moth of wrath goads something on! 😮 HP[+2]
You regained 2 hp, and now have 99/143 hp.
You barely miss the emperor scorpion. You slice the emperor scorpion!!
You freeze the emperor scorpion!
You block the emperor scorpion's attack. x2
The emperor scorpion barely misses you.
A hornet comes into view.
The emperor scorpion completely misses you.
The emperor scorpion claws you.
You block the emperor scorpion's attack.
The hornet buzzes angrily. 😮 HP[+1] Unknown command.
You closely miss the emperor scorpion. You slice the emperor scorpion!!
You freeze the emperor scorpion! The emperor scorpion stings you.
You are poisoned.
The emperor scorpion poisons you!
You block the emperor scorpion's attack. x2
The emperor scorpion closely misses you.
The emperor scorpion completely misses you.
The emperor scorpion claws you!
You block the emperor scorpion's attack. x2
The emperor scorpion claws you but does no damage. 😮 HP[-16] MP[-1]
You take 16 damage, and now have 84/143 hp.
You lost 1 mp, and now have 4/35 mp.
You feel extremely sick.
You hear an angry buzzing noise.
The emperor scorpion stings you but does no damage.
You block the emperor scorpion's attack.
The emperor scorpion claws you.
The hornet rages.
You block the emperor scorpion's attack. x2
The emperor scorpion claws you but does no damage. 😮 HP[-11]
You take 11 damage, and now have 73/143 hp.
You slice the emperor scorpion!! You freeze the emperor scorpion.
You slash the emperor scorpion! You freeze the emperor scorpion.
You feel extremely sick.
You hear an angry buzzing noise. x2
You block the emperor scorpion's attack.
The emperor scorpion barely misses you.
The emperor scorpion closely misses you.
You hear an angry buzzing noise. x2
The emperor scorpion stings you!!
* * * LOW HITPOINT WARNING * * *
The emperor scorpion misses you.
The emperor scorpion claws you but does no damage.
You block the emperor scorpion's attack.
The emperor scorpion closely misses you.
The emperor scorpion claws you.
* * * LOW HITPOINT WARNING * * *
😨 HP[-25] MP[-1]
You take 25 damage, and now have 48/143 hp.
You lost 1 mp, and now have 3/35 mp.
Okay, then.
You gain the combat prowess of a mighty hero.
You feel extremely sick.
You hear an angry buzzing noise. x3
You block the emperor scorpion's attack. x2
The emperor scorpion barely misses you.
The emperor scorpion closely misses you.
The emperor scorpion claws you!
* * * LOW HITPOINT WARNING * * *
The emperor scorpion barely misses you. 😱 HP[-13] MP[-2]
You take 13 damage, and now have 35/143 hp.
You lost 2 mp, and now have 1/35 mp.
You don't have enough magic at the moment.
You barely miss the emperor scorpion. You miss the emperor scorpion.
You feel very sick.
You hear an angry buzzing noise.
You block the emperor scorpion's attack. x3
The hornet rages.
You hear an angry buzzing noise.
The hornet rages. 😱 HP[-2]
You take 2 damage, and now have 33/143 hp.
You closely miss the emperor scorpion. You slice the emperor scorpion!!
You freeze the emperor scorpion.
You feel very sick.
The hornet rages.
You block the emperor scorpion's attack.
The emperor scorpion claws you!!
You feel threatened and lose the ability to read scrolls!
* * * LOW HITPOINT WARNING * * *
The emperor scorpion claws you.
* * * LOW HITPOINT WARNING * * *
The hornet rages.
The emperor scorpion stings you!!
You die...

Skill      XL: |  1  2  3  4  5  6  7  8  9 10 11 12 13 14 15 16 17 18 |
---------------+-------------------------------------------------------+-----
Axes           | 3 4 5 6 7 9 11 12 13 14 16 18 20 21 22 | 22.7
Invocations    | 3 5 7 8 9 10 | 10.0
Shields        | 4 6 7 8 10 12 15 | 15.0
Fighting       | 4 5 7 8 9 10 11 | 11.0
Armour         | 4 5 7 8 9 10 | 10.5
Dodging        | 3 4 5 6 |  6.9

Action                   |  1- 3 |  4- 6 |  7- 9 | 10-12 | 13-15 | 16-18 | 19-21 || total
-------------------------+-------+-------+-------+-------+-------+-------+-------++-------
Melee: War axe           |   110 |   111 |   134 |       |       |       |       ||   355
       Battleaxe         |       |       |   136 |   447 |   572 |       |       ||  1155
       Hand axe          |       |       |    18 |    34 |       |       |       ||    52
       Dire flail        |       |       |       |     5 |    19 |       |       ||    24
       Executioner's axe |       |       |       |       |   300 |   878 |     9 ||  1187
 Fire: Shortbow          |       |    23 |    28 |    78 |     9 |       |       ||   138
       Arbalest          |       |       |       |       |    13 |       |       ||    13
       Longbow           |       |       |       |       |   139 |    77 |       ||   216
Throw: Boomerang         |     3 |       |     4 |       |       |       |       ||     7
       Dart              |       |       |       |     6 |    17 |       |       ||    23
       Javelin           |       |       |       |       |     3 |     1 |       ||     4
Invok: Heroism           |       |       |     6 |     8 |    10 |     2 |     1 ||    27
       Finesse           |       |       |       |     3 |     8 |     2 |       ||    13
 Abil: Dig               |     1 |     1 |     5 |     6 |     4 |    14 |       ||    31
       Shaft Self        |       |     2 |       |       |       |       |       ||     2
  Use: Scroll            |     1 |     6 |     9 |     3 |     5 |     7 |       ||    31
       Potion            |       |     4 |     4 |       |     1 |     2 |       ||    11
Armor: Scale mail        |    58 |    40 |       |       |       |   213 |     6 ||   317
       Ring mail         |       |    13 |    57 |       |       |       |       ||    70
       Plate armour      |       |       |    46 |   129 |   278 |     3 |       ||   456
Dodge: Dodged            |    34 |    47 |   162 |   168 |   337 |   321 |    14 ||  1083
Block: Kite shield       |    71 |    60 |   188 |   281 |   549 |    17 |       ||  1166
       Tower shield      |       |       |       |       |       |   873 |    29 ||   902
       Reflection        |       |       |       |       |       |    33 |       ||    33

Levels and vault maps discovered:
D:1:      erik_arrival_blinker_ship, layout_basic, serial_forest,
          infiniplex_forest_zigzag_2, infiniplex_forest_clump_medium,
          infiniplex_forest_clump_double, infiniplex_forest_lined_room_2,
          infiniplex_forest_straight_3, infiniplex_forest_clump_tiny,
          infiniplex_forest_lined_1, infiniplex_forest_clump_medium
D:2:      layout_loops_ring, hellmonk_ecumenical_altar_lost_god, st_stairs_10,
          minmay_misc_feat_roman, minmay_shallow_snake_nest, uniq_jessica,
          uniq_crazy_yiuf_cottage, uniq_sigmund
D:3:      layout_rooms, chequers_serial_rivers_small_b, dk_noncrumbling_3
D:4:      layout_gridville
D:5:      layout_loops_ring, minmay_temple_entry_arrows, kennysheep_dice
D:6:      layout_basic
D:7:      layout_rooms
D:8:      layout_cave_pools, nicolae_tso_besieged_by_evil, serial_shops, shop,
          minmay_misc_feat_tiny
D:9:      layout_rooms, grunt_lair_entry_orc_guard_hut,
          gammafunk_ghost_necromancy, uniq_harold
D:10:     layout_loops_ring, grunt_ministairs_12
D:11:     layout_cave_pools, uniq_maurice
D:12:     layout_gridville, orc_0_dummy, ebering_ghost_xom,
          trog_ov_bears_minmay, uniq_nessos
D:13:     layout_cave_pools
D:14:     layout_basic, lightli_vaults_fourway_checkpoint
D:15:     gammafunk_enter_depths_forms, layout_irregular_city,
          nicolae_dithmenos_through_a_glass_darkly
Temple:   grunt_wide_crystal_templ
Lair:1:   layout_regular_city, maelrawn_ghost_gauntlet_escape
Lair:2:   layout_chaotic_city, st_stairs_12, wad_woods_road_06, uniq_gastronok
Lair:3:   layout_misc_corridors, nicolae_swamp_entry_splash_gauntlet,
          serial_bayou_shore_b
Lair:4:   gammafunk_cloud_chamber, layout_concentric_octagons,
          spider_nest_entry_webs, uniq_nergalle
Lair:5:   layout_misc_corridors, portal_ice_cave_entry_imps,
          infiniplex_staircase_pool, grunt_megastairs_1
Lair:6:   hangedman_lair_in_review, layout_loops_ring, wormcave,
          dpeg_slime_entry_corner, chequers_serial_rivers_micro_b,
          infiniplex_staircase_pool_2, uniq_snorg
Spider:1: layout_spider_delve, drop_trap, nicolae_spider_circle_web,
          nicolae_spider_shape
Spider:2: layout_spider_delve, uniq_roxanne
Spider:3: layout_spider_delve, spiders_nest_spider_trap, uniq_mara
Spider:4: spider_rune_water
Orc:1:    layout_diamond_mine, serial_shops, shop_statue, uniq_erica
Orc:2:    grunt_orc_community_town_hall, layout_caves,
          grunt_orc_community_big_house_1, grunt_orc_community_big_house_2,
          grunt_orc_community_house_3, grunt_orc_community_house_2,
          grunt_orc_community_house_3, grunt_orc_community_house_3,
          grunt_orc_community_house_3, grunt_orc_community_house_1,
          serial_shops, shop_statue, basic_altar, lightli_church_of_beogh
Elf:1:    layout_gridlike, serial_shops, nicolae_shop_statue_plus,
          minmay_elf_sorcery, hellmonk_bongcloud_opening, evilmike_ambush
          [evilmike_ambush_outer_basic, evilmike_ambush_inner_basic],
          grunt_megastairs_4

Notes
Turn   | Place    | Note
-------+----------+-------------------------------------------
     0 | D:1      | Sobieck the Formicid Fighter began the quest for the Orb.
     0 | D:1      | Reached XP level 1. HP: 18/18 MP: 1/1
     0 | D:1      | magus.rc [v1.9.6]
   179 | D:1      | Reached XP level 2. HP: 20/24 MP: 2/2
   339 | D:1      | Reached skill level 3 in Axes
   496 | D:1      | Reached XP level 3. HP: 20/29 MP: 3/3
  1325 | D:2      | Noticed Sigmund
  1600 | D:2      | Reached skill level 4 in Axes
  1600 | D:2      | Reached XP level 4. HP: 13/35 MP: 4/4
  1606 | D:2      | HP: 6/35 [Sigmund/+0 scythe (5)]
  1607 | D:2      | You fall into a shaft and drop 1 floor!
  1614 | D:3      | HP: 4/35 [kobold/+0 dagger (3)]
  1943 | D:5      | Entered Level 5 of the Dungeon
  1945 | D:5      | Found a staircase to the Ecumenical Temple.
  2124 | Temple   | Entered the Ecumenical Temple
  2129 | Temple   | Became a worshipper of Warmaster Okawaru
  2341 | D:2      | Noticed a centaur
  2349 | D:2      | Killed a centaur
  2350 | D:2      | Reached skill level 5 in Axes
  2350 | D:2      | Reached XP level 5. HP: 24/41 MP: 5/5
  2491 | D:2      | Found a faded altar of an unknown god.
  2492 | D:2      | Noticed Jessica
  2512 | D:2      | Killed Jessica
  2513 | D:2      | Reached XP level 6. HP: 20/47 MP: 6/6
  2814 | D:2      | Reached skill level 6 in Axes
  2981 | D:2      | You fall into a shaft and drop 2 floors!
  2986 | D:4      | Noticed an ogre
  3729 | D:3      | Killed an ogre
  3930 | D:4      | Reached XP level 7. HP: 49/52 MP: 7/7
  3932 | D:4      | Reached skill level 7 in Axes
  4032 | D:4      | Reached * piety under Okawaru
  4166 | D:4      | Reached skill level 1 in Invocations
  4267 | D:4      | You pick up a book of Geomancy and begin reading...
  4267 | D:4      | You add the spells Sandblast, Passwall, Stone Arrow,
                  | Petrify and Lee's Rapid Deconstruction to your library.
  4441 | D:4      | Reached skill level 2 in Invocations
  4854 | D:4      | HP: 13/52 [gnoll sergeant/+0 spear (4)]
  4857 | D:4      | Reached skill level 3 in Invocations
  5112 | D:5      | Reached XP level 8. HP: 58/58 MP: 10/10
  5200 | D:5      | Reached skill level 8 in Axes
  5209 | D:5      | Reached skill level 4 in Invocations
  5412 | D:4      | Gained mutation: Your movements are slightly less
                  | encumbered by armour. (ER -2) [potion of mutation]
  5412 | D:4      | Gained mutation: You are strong-willed. (Will+) [potion of
                  | mutation]
  5412 | D:4      | Gained mutation: You sometimes lose the ability to read
                  | scrolls when taking damage. [potion of mutation]
  5412 | D:4      | Gained mutation: You evolve. [potion of mutation]
  6088 | D:5      | Reached skill level 5 in Invocations
  6168 | D:6      | Reached ** piety under Okawaru
  6292 | D:5      | Reached skill level 9 in Axes
  6323 | D:5      | Lost mutation: You evolve. [evolution]
  6436 | D:6      | Found the +2 hood of the Assassin {Detection Stab+ Stlth++}
  6499 | D:6      | Reached XP level 9. HP: 61/64 MP: 12/12
  6517 | D:6      | Reached skill level 10 in Axes
  6970 | D:6      | Reached *** piety under Okawaru
  7800 | D:7      | Reached skill level 11 in Axes
  7888 | D:8      | Found Uplainn's Weapon Emporium.
  7891 | D:9      | Noticed a troll
  7896 | D:9      | Killed a troll
  7944 | D:8      | Reached skill level 4 in Shields
  7992 | D:7      | Received a gift from Okawaru
  8237 | D:7      | HP: 16/65 [orc priest/divine providence (9)]
  8238 | D:7      | Reached skill level 4 in Fighting
  8238 | D:7      | Reached skill level 4 in Armour
  8880 | D:8      | Reached XP level 10. HP: 60/72 MP: 14/14
  9125 | D:9      | Noticed Harold
  9152 | D:8      | Reached skill level 6 in Invocations
  9407 | D:8      | Reached skill level 5 in Shields
  9457 | D:8      | Noticed a two-headed ogre
  9464 | D:8      | Killed a two-headed ogre
  9464 | D:8      | Reached **** piety under Okawaru
  9465 | D:8      | Reached skill level 5 in Fighting
  9465 | D:8      | Reached skill level 5 in Armour
  9675 | D:8      | Found a glowing golden altar of the Shining One.
 10177 | D:9      | Reached skill level 6 in Shields
 10243 | D:9      | Found a runed translucent gate.
 10243 | D:9      | Found a runed translucent gate.
 10245 | D:9      | Found a runed translucent gate.
 10249 | D:9      | Noticed a spectral centaur warrior
 10249 | D:9      | Noticed HendSelp's ghost (journeyman OgBe)
 10286 | D:9      | Noticed a two-headed ogre
 10295 | D:9      | Killed a two-headed ogre
 10295 | D:9      | Reached ***** piety under Okawaru
 10296 | D:9      | Reached skill level 12 in Axes
 10296 | D:9      | Reached skill level 7 in Invocations
 10374 | D:9      | Reached XP level 11. HP: 35/81 MP: 16/16
 10678 | D:9      | You pick up a book of Changes and begin reading...
 10678 | D:9      | You add the spells Beastly Appendage, Wereblood, Spider
                  | Form, Ice Form and Hydra Form to your library.
 10750 | D:9      | Found a staircase to the Lair.
 10778 | Lair:1   | Entered Level 1 of the Lair of Beasts
 10930 | Lair:1   | Reached skill level 6 in Armour
 11000 | Lair:1   | Reached skill level 6 in Fighting
 11373 | Lair:1   | Reached skill level 7 in Shields
 11584 | Lair:1   | Reached skill level 8 in Invocations
 11585 | Lair:1   | HP: 20/83 [yak (9)]
 11955 | Lair:1   | Noticed a minotaur
 11955 | Lair:1   | Noticed benadryl's ghost (journeyman TrFi)
 11957 | Lair:1   | Noticed a seven-headed hydra
 12214 | Lair:1   | Reached skill level 7 in Fighting
 12214 | Lair:1   | Reached skill level 13 in Axes
 12214 | Lair:1   | Reached skill level 7 in Armour
 12233 | Lair:1   | Found a runed translucent gate.
 12233 | Lair:1   | Found a runed translucent gate.
 12233 | Lair:1   | Found a runed translucent gate.
 12577 | Lair:1   | Received a gift from Okawaru
 12586 | Lair:1   | HP: 21/84 [poisoned by a black mamba]
 13042 | Lair:2   | Reached XP level 12. HP: 67/91 MP: 18/18
 13292 | Lair:2   | Reached skill level 14 in Axes
 13356 | Lair:2   | Reached skill level 1 in Dodging
 13532 | Lair:2   | Received a gift from Okawaru
 13742 | Lair:2   | Reached ****** piety under Okawaru
 13989 | Lair:2   | Reached skill level 2 in Dodging
 14228 | Lair:2   | Noticed a five-headed hydra
 14239 | Lair:2   | Killed a five-headed hydra
 14406 | Lair:2   | Received a gift from Okawaru
 14804 | Lair:2   | Reached skill level 8 in Shields
 14964 | Lair:2   | Reached skill level 9 in Invocations
 15095 | Lair:2   | Reached skill level 8 in Fighting
 15230 | Lair:2   | Noticed Gastronok
 15230 | Lair:2   | Gastronok the Ponderous comes into view. He is wearing the
                  | +3 hat of Pondering {ponderous, Will+ MP+10 Int+5}.
 15245 | Lair:2   | Killed Gastronok
 15246 | Lair:2   | Reached skill level 8 in Armour
 15246 | Lair:2   | Reached skill level 3 in Dodging
 15246 | Lair:2   | Reached XP level 13. HP: 62/98 MP: 12/19
 15458 | Lair:3   | Received a gift from Okawaru
 15662 | D:9      | Killed Harold
 15867 | D:2      | Found a runed translucent door.
 15868 | D:2      | Noticed Crazy Yiuf
 16051 | D:2      | Killed Sigmund
 16104 | D:2      | Killed Crazy Yiuf
 16317 | D:10     | Entered Level 10 of the Dungeon
 16327 | D:9      | Reached skill level 15 in Axes
 16413 | D:9      | Received a gift from Okawaru
 17259 | D:10     | Reached skill level 4 in Dodging
 17259 | D:10     | Reached skill level 9 in Shields
 17288 | D:10     | You pick up a book of Minor Magic and begin reading...
 17288 | D:10     | You add the spells Magic Dart, Call Imp, Slow, Conjure
                  | Flame and Mephitic Cloud to your library.
 17703 | D:11     | magus.rc [v1.9.6]
 17722 | D:12     | You pick up a book of Power and begin reading...
 17722 | D:12     | You add the spells Iskenderun's Battlesphere, Bolt of
                  | Magma, Iron Shot, Orb of Destruction and Spellforged
                  | Servitor to your library.
 17954 | D:11     | Reached skill level 10 in Invocations
 17996 | D:11     | Noticed Maurice
 18011 | D:11     | Killed Maurice
 18012 | D:11     | Reached skill level 9 in Fighting
 18297 | D:12     | Found a bloodstained altar of Trog.
 18310 | D:12     | Noticed a boulder beetle
 18322 | D:12     | Killed a boulder beetle
 18489 | D:12     | Noticed Nessos
 18499 | D:12     | Killed Nessos
 18575 | D:12     | HP: 17/101 [deep elf pyromancer/bolt of fire (34)]
 18580 | D:12     | Reached skill level 10 in Shields
 18878 | D:12     | Reached skill level 16 in Axes
 18878 | D:12     | Reached XP level 14. HP: 104/108 MP: 21/21
 19058 | D:12     | Found a runed translucent door.
 19059 | D:12     | Found a staircase to the Orcish Mines.
 19060 | D:12     | Found a shimmering altar of Xom.
 19060 | D:12     | Noticed Rohain's ghost (journeyman DDFi)
 19060 | D:12     | Identified the +4 rapier "Didi Mif" {chaos, rC+ Dex+3
                  | Stlth+}
 19070 | D:12     | Received a gift from Okawaru
 19650 | D:13     | HP: 19/108 [deep elf pyromancer/bolt of fire (32)]
 20179 | Lair:4   | Found a transporter.
 21000 | Lair:3   | Received a gift from Okawaru
 21191 | Lair:3   | Found a staircase to the Swamp.
 21196 | Lair:3   | Reached skill level 17 in Axes
 21396 | Lair:5   | Found a frozen archway.
 21408 | IceCv    | Entered an ice cave
 22048 | IceCv    | Noticed a frost giant
 22061 | IceCv    | Killed a frost giant
 22062 | IceCv    | Reached skill level 18 in Axes
 22111 | IceCv    | Identified the +7 hand crossbow of the Mushroom {penet,
                  | rC++ Dex+5}
 22124 | IceCv    | You pick up a book of Ice and begin reading...
 22124 | IceCv    | You add the spells Summon Ice Beast, Freezing Cloud,
                  | Simulacrum and Ozocubu's Refrigeration to your library.
 22341 | Lair:4   | Identified the +9 executioner's axe of Desperation {freeze,
                  | Will+} (Okawaru gifted it to you on level 4 of the Lair of
                  | Beasts)
 22341 | Lair:4   | Received a gift from Okawaru
 22354 | Lair:4   | l - the +9 executioner's axe of Desperation {freeze, Will+,
                  | @e2axerare=g}
 22357 | Lair:4   | the +9 executioner's axe of Desperation {freeze, Will+,
                  | @e2axerare=g} glows with a cold blue light!
 22357 | Lair:4   | l - the +9 executioner's axe of Desperation (weapon)
                  | {freeze, Will+, @e2axerare=g}
 22358 | Lair:4   | l - the +9 executioner's axe of Desperation (weapon)
                  | {freeze, Will+, @e2axerare=g}
 22358 | Lair:4   | a - the +9 executioner's axe of Desperation (weapon)
                  | {freeze, Will+, @e2axerare=g}
 22358 | Lair:4   | the +9 executioner's axe of Desperation {freeze, Will+,
                  | @e2axerare=g} stops glowing.
 22359 | Lair:4   | the +9 executioner's axe of Desperation {freeze, Will+,
                  | @e2axerare=g} glows with a cold blue light!
 22359 | Lair:4   | a - the +9 executioner's axe of Desperation (weapon)
                  | {freeze, Will+, @e2axerare=g}
 22360 | Lair:4   | the +9 executioner's axe of Desperation {freeze, Will+,
                  | @e2axerare=g} stops glowing.
 22415 | Lair:4   | the +9 executioner's axe of Desperation {freeze, Will+,
                  | @e2axerare=g} glows with a cold blue light!
 22415 | Lair:4   | a - the +9 executioner's axe of Desperation (weapon)
                  | {freeze, Will+, @e2axerare=g}
 22420 | Lair:4   | the +9 executioner's axe of Desperation {freeze, Will+,
                  | @e2axerare=g} stops glowing.
 22491 | Lair:4   | the +9 executioner's axe of Desperation {freeze, Will+,
                  | @e2axerare=g} glows with a cold blue light!
 22491 | Lair:4   | a - the +9 executioner's axe of Desperation (weapon)
                  | {freeze, Will+, @e2axerare=g}
 22515 | Lair:4   | the +9 executioner's axe of Desperation {freeze, Will+,
                  | @e2axerare=g} stops glowing.
 22518 | Lair:4   | the +9 executioner's axe of Desperation {freeze, Will+,
                  | @e2axerare=g} glows with a cold blue light!
 22518 | Lair:4   | a - the +9 executioner's axe of Desperation (weapon)
                  | {freeze, Will+, @e2axerare=g}
 22520 | Lair:4   | the +9 executioner's axe of Desperation {freeze, Will+,
                  | @e2axerare=g} stops glowing.
 22759 | Lair:5   | the +9 executioner's axe of Desperation {freeze, Will+,
                  | @e2axerare=g} glows with a cold blue light!
 22759 | Lair:5   | a - the +9 executioner's axe of Desperation (weapon)
                  | {freeze, Will+, @e2axerare=g}
 22764 | Lair:5   | Reached XP level 15. HP: 104/113 MP: 22/22
 22782 | Lair:4   | the +9 executioner's axe of Desperation {freeze, Will+,
                  | @e2axerare=g} stops glowing.
 22843 | Lair:4   | the +9 executioner's axe of Desperation {freeze, Will+,
                  | @e2axerare=g} glows with a cold blue light!
 22843 | Lair:4   | a - the +9 executioner's axe of Desperation (weapon)
                  | {freeze, Will+, @e2axerare=g}
 22846 | Lair:4   | the +9 executioner's axe of Desperation {freeze, Will+,
                  | @e2axerare=g} stops glowing.
 22859 | Lair:4   | Found a hole to the Spider Nest.
 22875 | Lair:4   | the +9 executioner's axe of Desperation {freeze, Will+,
                  | @e2axerare=g} glows with a cold blue light!
 22875 | Lair:4   | a - the +9 executioner's axe of Desperation (weapon)
                  | {freeze, Will+, @e2axerare=g}
 22878 | Lair:4   | the +9 executioner's axe of Desperation {freeze, Will+,
                  | @e2axerare=g} stops glowing.
 22887 | Lair:4   | the +9 executioner's axe of Desperation {freeze, Will+,
                  | @e2axerare=g} glows with a cold blue light!
 22887 | Lair:4   | a - the +9 executioner's axe of Desperation (weapon)
                  | {freeze, Will+, @e2axerare=g}
 22890 | Lair:4   | the +9 executioner's axe of Desperation {freeze, Will+,
                  | @e2axerare=g} stops glowing.
 22944 | Lair:4   | the +9 executioner's axe of Desperation {freeze, Will+,
                  | @e2axerare=g} glows with a cold blue light!
 22944 | Lair:4   | a - the +9 executioner's axe of Desperation (weapon)
                  | {freeze, Will+, @e2axerare=g}
 22946 | Lair:4   | the +9 executioner's axe of Desperation {freeze, Will+,
                  | @e2axerare=g} stops glowing.
 22958 | Lair:4   | the +9 executioner's axe of Desperation {freeze, Will+,
                  | @e2axerare=g} glows with a cold blue light!
 22958 | Lair:4   | a - the +9 executioner's axe of Desperation (weapon)
                  | {freeze, Will+, @e2axerare=g}
 22961 | Lair:4   | the +9 executioner's axe of Desperation {freeze, Will+,
                  | @e2axerare=g} stops glowing.
 22969 | Lair:4   | Found a transporter.
 22991 | Lair:4   | the +9 executioner's axe of Desperation {freeze, Will+,
                  | @e2axerare=g} glows with a cold blue light!
 22991 | Lair:4   | a - the +9 executioner's axe of Desperation (weapon)
                  | {freeze, Will+, @e2axerare=g}
 22996 | Lair:4   | the +9 executioner's axe of Desperation {freeze, Will+,
                  | @e2axerare=g} stops glowing.
 23214 | Lair:4   | Noticed Nergalle
 23215 | Lair:4   | the +9 executioner's axe of Desperation {freeze, Will+,
                  | @e2axerare=g} glows with a cold blue light!
 23215 | Lair:4   | a - the +9 executioner's axe of Desperation (weapon)
                  | {freeze, Will+, @e2axerare=g}
 23216 | Lair:4   | the +9 executioner's axe of Desperation {freeze, Will+,
                  | @e2axerare=g} stops glowing.
 23217 | Lair:4   | the +9 executioner's axe of Desperation {freeze, Will+,
                  | @e2axerare=g} glows with a cold blue light!
 23217 | Lair:4   | a - the +9 executioner's axe of Desperation (weapon)
                  | {freeze, Will+, @e2axerare=g}
 23240 | Lair:4   | Killed Nergalle
 23351 | Lair:5   | the +9 executioner's axe of Desperation {freeze, Will+,
                  | @e2axerare=g} stops glowing.
 23438 | Lair:5   | the +9 executioner's axe of Desperation {freeze, Will+,
                  | @e2axerare=g} glows with a cold blue light!
 23438 | Lair:5   | a - the +9 executioner's axe of Desperation (weapon)
                  | {freeze, Will+, @e2axerare=g}
 23442 | Lair:5   | the +9 executioner's axe of Desperation {freeze, Will+,
                  | @e2axerare=g} stops glowing.
 23572 | Lair:5   | the +9 executioner's axe of Desperation {freeze, Will+,
                  | @e2axerare=g} glows with a cold blue light!
 23572 | Lair:5   | a - the +9 executioner's axe of Desperation (weapon)
                  | {freeze, Will+, @e2axerare=g}
 23573 | Lair:5   | the +9 executioner's axe of Desperation {freeze, Will+,
                  | @e2axerare=g} stops glowing.
 23663 | Lair:5   | the +9 executioner's axe of Desperation {freeze, Will+,
                  | @e2axerare=g} glows with a cold blue light!
 23663 | Lair:5   | a - the +9 executioner's axe of Desperation (weapon)
                  | {freeze, Will+, @e2axerare=g}
 23665 | Lair:5   | the +9 executioner's axe of Desperation {freeze, Will+,
                  | @e2axerare=g} stops glowing.
 23667 | Lair:6   | Entered Level 6 of the Lair of Beasts
 23670 | Lair:6   | the +9 executioner's axe of Desperation {freeze, Will+,
                  | @e2axerare=g} glows with a cold blue light!
 23670 | Lair:6   | a - the +9 executioner's axe of Desperation (weapon)
                  | {freeze, Will+, @e2axerare=g}
 23729 | Lair:6   | Noticed Snorg
 23738 | Lair:6   | Killed Snorg
 23797 | Lair:5   | the +9 executioner's axe of Desperation {freeze, Will+,
                  | @e2axerare=g} stops glowing.
 23972 | Lair:5   | the +9 executioner's axe of Desperation {freeze, Will+,
                  | @e2axerare=g} glows with a cold blue light!
 23972 | Lair:5   | a - the +9 executioner's axe of Desperation (weapon)
                  | {freeze, Will+, @e2axerare=g}
 24020 | Lair:5   | the +9 executioner's axe of Desperation {freeze, Will+,
                  | @e2axerare=g} stops glowing.
 24249 | Lair:6   | the +9 executioner's axe of Desperation {freeze, Will+,
                  | @e2axerare=g} glows with a cold blue light!
 24249 | Lair:6   | a - the +9 executioner's axe of Desperation (weapon)
                  | {freeze, Will+, @e2axerare=g}
 24253 | Lair:6   | the +9 executioner's axe of Desperation {freeze, Will+,
                  | @e2axerare=g} stops glowing.
 24297 | Lair:6   | the +9 executioner's axe of Desperation {freeze, Will+,
                  | @e2axerare=g} glows with a cold blue light!
 24297 | Lair:6   | a - the +9 executioner's axe of Desperation (weapon)
                  | {freeze, Will+, @e2axerare=g}
 24298 | Lair:6   | the +9 executioner's axe of Desperation {freeze, Will+,
                  | @e2axerare=g} stops glowing.
 24302 | Lair:6   | the +9 executioner's axe of Desperation {freeze, Will+,
                  | @e2axerare=g} glows with a cold blue light!
 24302 | Lair:6   | a - the +9 executioner's axe of Desperation (weapon)
                  | {freeze, Will+, @e2axerare=g}
 24366 | Lair:6   | the +9 executioner's axe of Desperation {freeze, Will+,
                  | @e2axerare=g} stops glowing.
 24393 | Lair:6   | the +9 executioner's axe of Desperation {freeze, Will+,
                  | @e2axerare=g} glows with a cold blue light!
 24393 | Lair:6   | a - the +9 executioner's axe of Desperation (weapon)
                  | {freeze, Will+, @e2axerare=g}
 24395 | Lair:6   | Reached skill level 5 in Dodging
 24678 | Lair:6   | the +9 executioner's axe of Desperation {freeze, Will+,
                  | @e2axerare=g} stops glowing.
 24718 | Lair:6   | the +9 executioner's axe of Desperation {freeze, Will+,
                  | @e2axerare=g} glows with a cold blue light!
 24718 | Lair:6   | a - the +9 executioner's axe of Desperation (weapon)
                  | {freeze, Will+, @e2axerare=g}
 24730 | Lair:6   | the +9 executioner's axe of Desperation {freeze, Will+,
                  | @e2axerare=g} stops glowing.
 24738 | Lair:6   | the +9 executioner's axe of Desperation {freeze, Will+,
                  | @e2axerare=g} glows with a cold blue light!
 24738 | Lair:6   | a - the +9 executioner's axe of Desperation (weapon)
                  | {freeze, Will+, @e2axerare=g}
 24739 | Lair:6   | the +9 executioner's axe of Desperation {freeze, Will+,
                  | @e2axerare=g} stops glowing.
 24740 | Lair:6   | the +9 executioner's axe of Desperation {freeze, Will+,
                  | @e2axerare=g} glows with a cold blue light!
 24740 | Lair:6   | a - the +9 executioner's axe of Desperation (weapon)
                  | {freeze, Will+, @e2axerare=g}
 24742 | Lair:6   | the +9 executioner's axe of Desperation {freeze, Will+,
                  | @e2axerare=g} stops glowing.
 24748 | Lair:6   | the +9 executioner's axe of Desperation {freeze, Will+,
                  | @e2axerare=g} glows with a cold blue light!
 24748 | Lair:6   | a - the +9 executioner's axe of Desperation (weapon)
                  | {freeze, Will+, @e2axerare=g}
 24757 | Lair:6   | Reached skill level 9 in Armour
 24922 | Lair:6   | the +9 executioner's axe of Desperation {freeze, Will+,
                  | @e2axerare=g} stops glowing.
 24937 | Lair:6   | the +9 executioner's axe of Desperation {freeze, Will+,
                  | @e2axerare=g} glows with a cold blue light!
 24937 | Lair:6   | a - the +9 executioner's axe of Desperation (weapon)
                  | {freeze, Will+, @e2axerare=g}
 24940 | Lair:6   | Reached skill level 10 in Fighting
 24940 | Lair:6   | Reached skill level 11 in Shields
 25047 | Lair:6   | the +9 executioner's axe of Desperation {freeze, Will+,
                  | @e2axerare=g} stops glowing.
 25056 | Lair:6   | the +9 executioner's axe of Desperation {freeze, Will+,
                  | @e2axerare=g} glows with a cold blue light!
 25056 | Lair:6   | a - the +9 executioner's axe of Desperation (weapon)
                  | {freeze, Will+, @e2axerare=g}
 25070 | Lair:6   | the +9 executioner's axe of Desperation {freeze, Will+,
                  | @e2axerare=g} stops glowing.
 25215 | Lair:6   | You pick up a book of Clouds and begin reading...
 25310 | Lair:6   | the +9 executioner's axe of Desperation {freeze, Will+,
                  | @e2axerare=g} glows with a cold blue light!
 25310 | Lair:6   | a - the +9 executioner's axe of Desperation (weapon)
                  | {freeze, Will+, @e2axerare=g}
 25526 | Lair:6   | the +9 executioner's axe of Desperation {freeze, Will+,
                  | @e2axerare=g} stops glowing.
 25533 | Lair:6   | Identified the +0 scale mail of Beyond {Fly} (Okawaru
                  | gifted it to you on level 6 of the Lair of Beasts)
 25533 | Lair:6   | Received a gift from Okawaru
 25634 | Lair:6   | the +9 executioner's axe of Desperation {freeze, Will+,
                  | @e2axerare=g} glows with a cold blue light!
 25634 | Lair:6   | a - the +9 executioner's axe of Desperation (weapon)
                  | {freeze, Will+, @e2axerare=g}
 25685 | Lair:6   | the +9 executioner's axe of Desperation {freeze, Will+,
                  | @e2axerare=g} stops glowing.
 25759 | Lair:6   | the +9 executioner's axe of Desperation {freeze, Will+,
                  | @e2axerare=g} glows with a cold blue light!
 25759 | Lair:6   | a - the +9 executioner's axe of Desperation (weapon)
                  | {freeze, Will+, @e2axerare=g}
 25763 | Lair:6   | the +9 executioner's axe of Desperation {freeze, Will+,
                  | @e2axerare=g} stops glowing.
 25794 | Lair:6   | Found a staircase to the Slime Pits.
 25986 | Lair:6   | the +9 executioner's axe of Desperation {freeze, Will+,
                  | @e2axerare=g} glows with a cold blue light!
 25986 | Lair:6   | a - the +9 executioner's axe of Desperation (weapon)
                  | {freeze, Will+, @e2axerare=g}
 26131 | Lair:6   | Reached skill level 12 in Shields
 26131 | Lair:6   | the +9 executioner's axe of Desperation {freeze, Will+,
                  | @e2axerare=g} stops glowing.
 26141 | Lair:6   | the +9 executioner's axe of Desperation {freeze, Will+,
                  | @e2axerare=g} glows with a cold blue light!
 26141 | Lair:6   | a - the +9 executioner's axe of Desperation (weapon)
                  | {freeze, Will+, @e2axerare=g}
 26164 | Lair:6   | the +9 executioner's axe of Desperation {freeze, Will+,
                  | @e2axerare=g} stops glowing.
 26184 | Lair:6   | You pick up a book of Party Tricks and begin reading...
 26184 | Lair:6   | You add the spells Apportation, Lesser Beckoning, Tukima's
                  | Dance, Alistair's Intoxication and Invisibility to your
                  | library.
 26192 | Lair:6   | the +9 executioner's axe of Desperation {freeze, Will+,
                  | @e2axerare=g} glows with a cold blue light!
 26192 | Lair:6   | a - the +9 executioner's axe of Desperation (weapon)
                  | {freeze, Will+, @e2axerare=g}
 26195 | Lair:6   | the +9 executioner's axe of Desperation {freeze, Will+,
                  | @e2axerare=g} stops glowing.
 26231 | Lair:6   | the +9 executioner's axe of Desperation {freeze, Will+,
                  | @e2axerare=g} glows with a cold blue light!
 26231 | Lair:6   | a - the +9 executioner's axe of Desperation (weapon)
                  | {freeze, Will+, @e2axerare=g}
 26235 | Lair:6   | the +9 executioner's axe of Desperation {freeze, Will+,
                  | @e2axerare=g} stops glowing.
 26236 | Lair:6   | Found a runed translucent door.
 26274 | Lair:6   | the +9 executioner's axe of Desperation {freeze, Will+,
                  | @e2axerare=g} glows with a cold blue light!
 26274 | Lair:6   | a - the +9 executioner's axe of Desperation (weapon)
                  | {freeze, Will+, @e2axerare=g}
 26278 | Lair:6   | the +9 executioner's axe of Desperation {freeze, Will+,
                  | @e2axerare=g} stops glowing.
 26322 | Lair:6   | the +9 executioner's axe of Desperation {freeze, Will+,
                  | @e2axerare=g} glows with a cold blue light!
 26322 | Lair:6   | a - the +9 executioner's axe of Desperation (weapon)
                  | {freeze, Will+, @e2axerare=g}
 26667 | D:9      | Killed HendSelp's ghost
 26943 | Lair:1   | the +9 executioner's axe of Desperation {freeze, Will+,
                  | @e2axerare=g} stops glowing.
 26948 | Lair:1   | the +9 executioner's axe of Desperation {freeze, Will+,
                  | @e2axerare=g} glows with a cold blue light!
 26948 | Lair:1   | a - the +9 executioner's axe of Desperation (weapon)
                  | {freeze, Will+, @e2axerare=g}
 26963 | Lair:1   | Killed benadryl's ghost
 26975 | Lair:1   | Identified the amulet "Ikaghaoj" {Spirit rPois Slay+3}
 27228 | Orc:1    | Entered Level 1 of the Orcish Mines
 27240 | Orc:1    | Reached XP level 16. HP: 88/122 MP: 16/23
 27479 | Orc:2    | Entered Level 2 of the Orcish Mines
 27508 | Orc:1    | Found Urerenevam's Armour Emporium.
 27522 | Orc:1    | Bought the +7 scale mail of Kleptomania {rCorr Slay+3} for
                  | 834 gold pieces
 27522 | Orc:1    | Bought a +1 tower shield of reflection for 175 gold pieces
 27522 | Orc:1    | Bought the +0 pair of gloves "Gaota" {Regen+} for 149 gold
                  | pieces
 27558 | Orc:1    | Identified a scroll of acquirement
 27559 | Orc:1    | Acquired 889 gold pieces
 27699 | Orc:1    | Reached skill level 19 in Axes
 27723 | Orc:1    | Noticed Erica
 27728 | Orc:1    | Killed Erica
 27907 | Orc:2    | Found Kotuekh's Armour Emporium.
 27943 | Orc:2    | Reached skill level 13 in Shields
 28006 | Orc:2    | the +9 executioner's axe of Desperation {freeze, Will+,
                  | @e2axerare=g} stops glowing.
 28130 | Orc:2    | the +9 executioner's axe of Desperation {freeze, Will+,
                  | @e2axerare=g} glows with a cold blue light!
 28130 | Orc:2    | a - the +9 executioner's axe of Desperation (weapon)
                  | {freeze, Will+, @e2axerare=g}
 28144 | Orc:2    | Found Ata Cess's General Store.
 28449 | Orc:2    | Found a staircase to the Elven Halls.
 28518 | Orc:2    | Found a runed translucent door.
 28671 | Orc:2    | the +9 executioner's axe of Desperation {freeze, Will+,
                  | @e2axerare=g} stops glowing.
 28674 | Orc:2    | the +9 executioner's axe of Desperation {freeze, Will+,
                  | @e2axerare=g} glows with a cold blue light!
 28674 | Orc:2    | a - the +9 executioner's axe of Desperation (weapon)
                  | {freeze, Will+, @e2axerare=g}
 28709 | Orc:2    | Noticed Saint Roka
 28736 | Orc:2    | Killed Saint Roka
 28736 | Orc:2    | Identified the +8 war axe "Yvith" {vorpal, rF++} (Okawaru
                  | gifted it to you on level 2 of the Orcish Mines)
 28736 | Orc:2    | Received a gift from Okawaru
 28826 | Orc:2    | Found Zasuxtebb's Antique Armour Shop.
 28831 | Orc:2    | Found Plog's Antique Weapon Boutique.
 28956 | Orc:2    | Found Byfux Sir's Weapon Boutique.
 29333 | Elf:1    | Entered Level 1 of the Elven Halls
 29431 | Orc:2    | Reached skill level 14 in Shields
 29459 | Orc:2    | Received a gift from Okawaru
 29888 | D:13     | the +9 executioner's axe of Desperation {freeze, Will+,
                  | @e2axerare=g} stops glowing.
 29998 | D:13     | the +9 executioner's axe of Desperation {freeze, Will+,
                  | @e2axerare=g} glows with a cold blue light!
 29998 | D:13     | a - the +9 executioner's axe of Desperation (weapon)
                  | {freeze, Will+, @e2axerare=g}
 30000 | D:13     | the +9 executioner's axe of Desperation {freeze, Will+,
                  | @e2axerare=g} stops glowing.
 30068 | D:15     | Entered Level 15 of the Dungeon
 30077 | D:13     | the +9 executioner's axe of Desperation {freeze, Will+,
                  | @e2axerare=g} glows with a cold blue light!
 30077 | D:13     | a - the +9 executioner's axe of Desperation (weapon)
                  | {freeze, Will+, @e2axerare=g}
 30078 | D:13     | the +9 executioner's axe of Desperation {freeze, Will+,
                  | @e2axerare=g} stops glowing.
 30140 | D:13     | the +9 executioner's axe of Desperation {freeze, Will+,
                  | @e2axerare=g} glows with a cold blue light!
 30140 | D:13     | a - the +9 executioner's axe of Desperation (weapon)
                  | {freeze, Will+, @e2axerare=g}
 30188 | D:13     | the +9 executioner's axe of Desperation {freeze, Will+,
                  | @e2axerare=g} stops glowing.
 30443 | D:14     | the +9 executioner's axe of Desperation {freeze, Will+,
                  | @e2axerare=g} glows with a cold blue light!
 30443 | D:14     | a - the +9 executioner's axe of Desperation (weapon)
                  | {freeze, Will+, @e2axerare=g}
 30449 | D:14     | the +9 executioner's axe of Desperation {freeze, Will+,
                  | @e2axerare=g} stops glowing.
 30492 | D:14     | the +9 executioner's axe of Desperation {freeze, Will+,
                  | @e2axerare=g} glows with a cold blue light!
 30492 | D:14     | a - the +9 executioner's axe of Desperation (weapon)
                  | {freeze, Will+, @e2axerare=g}
 30508 | D:14     | the +9 executioner's axe of Desperation {freeze, Will+,
                  | @e2axerare=g} stops glowing.
 30588 | D:14     | the +9 executioner's axe of Desperation {freeze, Will+,
                  | @e2axerare=g} glows with a cold blue light!
 30588 | D:14     | a - the +9 executioner's axe of Desperation (weapon)
                  | {freeze, Will+, @e2axerare=g}
 30590 | D:14     | the +9 executioner's axe of Desperation {freeze, Will+,
                  | @e2axerare=g} stops glowing.
 30621 | D:14     | the +9 executioner's axe of Desperation {freeze, Will+,
                  | @e2axerare=g} glows with a cold blue light!
 30621 | D:14     | a - the +9 executioner's axe of Desperation (weapon)
                  | {freeze, Will+, @e2axerare=g}
 30629 | D:14     | the +9 executioner's axe of Desperation {freeze, Will+,
                  | @e2axerare=g} stops glowing.
 30668 | D:14     | the +9 executioner's axe of Desperation {freeze, Will+,
                  | @e2axerare=g} glows with a cold blue light!
 30668 | D:14     | a - the +9 executioner's axe of Desperation (weapon)
                  | {freeze, Will+, @e2axerare=g}
 30873 | D:14     | the +9 executioner's axe of Desperation {freeze, Will+,
                  | @e2axerare=g} stops glowing.
 30945 | D:14     | Found a gate to the Vaults.
 30946 | D:14     | the +9 executioner's axe of Desperation {freeze, Will+,
                  | @e2axerare=g} glows with a cold blue light!
 30946 | D:14     | a - the +9 executioner's axe of Desperation (weapon)
                  | {freeze, Will+, @e2axerare=g}
 30961 | D:14     | Reached skill level 15 in Shields
 30971 | D:14     | Reached skill level 20 in Axes
 30973 | D:14     | Reached XP level 17. HP: 128/128 MP: 24/24
 31265 | D:15     | Received a gift from Okawaru
 31266 | D:15     | Found the +2 robe of Vines {NoPotionHeal Regen+++}
 31497 | D:15     | Found a staircase to the Depths.
 31687 | D:15     | Reached skill level 21 in Axes
 31750 | D:15     | Acquired the +1 cloak of Words of Power {rC+++ Will- Regen+
                  | Int-3}
 31961 | D:15     | Identified the +2 cloak of Tepop {Str+2 Int+4 Dex+4}
 32003 | D:15     | Found a shadowy altar of Dithmenos.
 32376 | Spider:1 | Entered Level 1 of the Spider Nest
 32518 | Spider:1 | the +9 executioner's axe of Desperation {freeze, Will+,
                  | @e2axerare=g} stops glowing.
 32523 | Spider:1 | Identified the +1 battleaxe "Jugyit" {vorpal, +Blink rPois
                  | rN+++ Dex-4} (Okawaru gifted it to you on level 1 of the
                  | Spider Nest)
 32523 | Spider:1 | Received a gift from Okawaru
 32543 | Spider:1 | the +9 executioner's axe of Desperation {freeze, Will+,
                  | @e2axerare=g} glows with a cold blue light!
 32543 | Spider:1 | a - the +9 executioner's axe of Desperation (weapon)
                  | {freeze, Will+, @e2axerare=g}
 32545 | Spider:1 | the +9 executioner's axe of Desperation {freeze, Will+,
                  | @e2axerare=g} stops glowing.
 32559 | Spider:1 | the +9 executioner's axe of Desperation {freeze, Will+,
                  | @e2axerare=g} glows with a cold blue light!
 32559 | Spider:1 | a - the +9 executioner's axe of Desperation (weapon)
                  | {freeze, Will+, @e2axerare=g}
 32580 | Spider:1 | the +9 executioner's axe of Desperation {freeze, Will+,
                  | @e2axerare=g} stops glowing.
 32584 | Spider:1 | You pick up a book of Misfortune and begin reading...
 32584 | Spider:1 | You add the spells Confusing Touch, Gell's Gravitas,
                  | Metabolic Englaciation and Yara's Violent Unravelling to
                  | your library.
 32650 | Spider:2 | the +9 executioner's axe of Desperation {freeze, Will+,
                  | @e2axerare=g} glows with a cold blue light!
 32650 | Spider:2 | a - the +9 executioner's axe of Desperation (weapon)
                  | {freeze, Will+, @e2axerare=g}
 32763 | Spider:1 | the +9 executioner's axe of Desperation {freeze, Will+,
                  | @e2axerare=g} stops glowing.
 32766 | Spider:1 | the +9 executioner's axe of Desperation {freeze, Will+,
                  | @e2axerare=g} glows with a cold blue light!
 32766 | Spider:1 | a - the +9 executioner's axe of Desperation (weapon)
                  | {freeze, Will+, @e2axerare=g}
 33306 | Spider:2 | Reached XP level 18. HP: 134/134 MP: 25/25
 33310 | Spider:2 | You pick up a book of the Sky and begin reading...
 33310 | Spider:2 | You add the spells Summon Lightning Spire, Silence, Conjure
                  | Ball Lightning and Tornado to your library.
 33332 | Spider:2 | Reached skill level 22 in Axes
 33581 | Spider:3 | Identified the +2 hand axe of the Thing {drain, rC- Str+3
                  | Dex+6} (Okawaru gifted it to you on level 3 of the Spider
                  | Nest)
 33581 | Spider:3 | Received a gift from Okawaru
 33582 | Spider:3 | the +9 executioner's axe of Desperation {freeze, Will+,
                  | @e2axerare=g} stops glowing.
 33586 | Spider:3 | the +9 executioner's axe of Desperation {freeze, Will+,
                  | @e2axerare=g} glows with a cold blue light!
 33586 | Spider:3 | a - the +9 executioner's axe of Desperation (weapon)
                  | {freeze, Will+, @e2axerare=g}
 33587 | Spider:3 | the +9 executioner's axe of Desperation {freeze, Will+,
                  | @e2axerare=g} stops glowing.
 33610 | Spider:2 | the +9 executioner's axe of Desperation {freeze, Will+,
                  | @e2axerare=g} glows with a cold blue light!
 33610 | Spider:2 | a - the +9 executioner's axe of Desperation (weapon)
                  | {freeze, Will+, @e2axerare=g}
 33687 | Spider:2 | Noticed Roxanne
 33695 | Spider:2 | the +9 executioner's axe of Desperation {freeze, Will+,
                  | @e2axerare=g} stops glowing.
 33697 | Spider:2 | the +9 executioner's axe of Desperation {freeze, Will+,
                  | @e2axerare=g} glows with a cold blue light!
 33697 | Spider:2 | a - the +9 executioner's axe of Desperation (weapon)
                  | {freeze, Will+, @e2axerare=g}
 33704 | Spider:2 | the +9 executioner's axe of Desperation {freeze, Will+,
                  | @e2axerare=g} stops glowing.
 33711 | Spider:2 | the +9 executioner's axe of Desperation {freeze, Will+,
                  | @e2axerare=g} glows with a cold blue light!
 33711 | Spider:2 | a - the +9 executioner's axe of Desperation (weapon)
                  | {freeze, Will+, @e2axerare=g}
 33713 | Spider:2 | the +9 executioner's axe of Desperation {freeze, Will+,
                  | @e2axerare=g} stops glowing.
 33731 | Spider:2 | Killed Roxanne
 33732 | Spider:2 | the +9 executioner's axe of Desperation {freeze, Will+,
                  | @e2axerare=g} glows with a cold blue light!
 33732 | Spider:2 | a - the +9 executioner's axe of Desperation (weapon)
                  | {freeze, Will+, @e2axerare=g}
 33740 | Spider:2 | You pick up a book of Transfigurations {@e2} and begin
                  | reading...
 33740 | Spider:2 | You add the spells Irradiate, Statue Form, Blade Hands and
                  | Dragon Form to your library.
 33802 | Spider:3 | the +9 executioner's axe of Desperation {freeze, Will+,
                  | @e2axerare=g} stops glowing.
 33816 | Spider:3 | the +9 executioner's axe of Desperation {freeze, Will+,
                  | @e2axerare=g} glows with a cold blue light!
 33816 | Spider:3 | a - the +9 executioner's axe of Desperation (weapon)
                  | {freeze, Will+, @e2axerare=g}
 34094 | Spider:3 | Noticed Mara
 34235 | Spider:3 | the +9 executioner's axe of Desperation {freeze, Will+,
                  | @e2axerare=g} stops glowing.
 34261 | Spider:3 | the +9 executioner's axe of Desperation {freeze, Will+,
                  | @e2axerare=g} glows with a cold blue light!
 34261 | Spider:3 | a - the +9 executioner's axe of Desperation (weapon)
                  | {freeze, Will+, @e2axerare=g}
 34340 | Spider:3 | the +9 executioner's axe of Desperation {freeze, Will+,
                  | @e2axerare=g} stops glowing.
 34385 | Spider:3 | the +9 executioner's axe of Desperation {freeze, Will+,
                  | @e2axerare=g} glows with a cold blue light!
 34385 | Spider:3 | a - the +9 executioner's axe of Desperation (weapon)
                  | {freeze, Will+, @e2axerare=g}
 34480 | Spider:3 | the +9 executioner's axe of Desperation {freeze, Will+,
                  | @e2axerare=g} stops glowing.
 34531 | Spider:3 | the +9 executioner's axe of Desperation {freeze, Will+,
                  | @e2axerare=g} glows with a cold blue light!
 34531 | Spider:3 | a - the +9 executioner's axe of Desperation (weapon)
                  | {freeze, Will+, @e2axerare=g}
 34570 | Spider:3 | Noticed Sobieck's illusion
 34606 | Spider:3 | Killed Mara
 34607 | Spider:3 | Reached skill level 6 in Dodging
 34737 | Spider:3 | the +9 executioner's axe of Desperation {freeze, Will+,
                  | @e2axerare=g} stops glowing.
 34917 | Spider:3 | Identified the +5 tower shield of Saifec {rF++ Int-2}
                  | (Okawaru gifted it to you on level 3 of the Spider Nest)
 34917 | Spider:3 | Received a gift from Okawaru
 34918 | Spider:3 | the +9 executioner's axe of Desperation {freeze, Will+,
                  | @e2axerare=g} glows with a cold blue light!
 34918 | Spider:3 | a - the +9 executioner's axe of Desperation (weapon)
                  | {freeze, Will+, @e2axerare=g}
 34931 | Spider:3 | the +9 executioner's axe of Desperation {freeze, Will+,
                  | @e2axerare=g} stops glowing.
 34932 | Spider:3 | the +9 executioner's axe of Desperation {freeze, Will+,
                  | @e2axerare=g} glows with a cold blue light!
 34932 | Spider:3 | a - the +9 executioner's axe of Desperation (weapon)
                  | {freeze, Will+, @e2axerare=g}
 34940 | Spider:4 | Entered Level 4 of the Spider Nest
 35042 | Spider:4 | the +9 executioner's axe of Desperation {freeze, Will+,
                  | @e2axerare=g} stops glowing.
 35070 | Spider:4 | the +9 executioner's axe of Desperation {freeze, Will+,
                  | @e2axerare=g} glows with a cold blue light!
 35070 | Spider:4 | a - the +9 executioner's axe of Desperation (weapon)
                  | {freeze, Will+, @e2axerare=g}
 35080 | Spider:4 | Reached skill level 10 in Armour
 35080 | Spider:4 | the +9 executioner's axe of Desperation {freeze, Will+,
                  | @e2axerare=g} stops glowing.
 35277 | Spider:4 | You pick up a book of the Earth and begin reading...
 35277 | Spider:4 | You add the spells Animate Armour, Leda's Liquefaction and
                  | Shatter to your library.
 35380 | Spider:4 | the +9 executioner's axe of Desperation {freeze, Will+,
                  | @e2axerare=g} glows with a cold blue light!
 35380 | Spider:4 | a - the +9 executioner's axe of Desperation (weapon)
                  | {freeze, Will+, @e2axerare=g}
 35560 | Spider:4 | Reached skill level 11 in Fighting
 35702 | Spider:4 | Reached XP level 19. HP: 126/143 MP: 26/26
 35710 | Spider:4 | HP: 35/143 [emperor scorpion (8)]
 35712 | Spider:4 | HP: 13/143 [emperor scorpion (18)]
 35712 | Spider:4 | Mangled by an emperor scorpion

Vanquished Creatures
  Mara (Spider:3)
  Saint Roka (Orc:2)
  Gastronok (Lair:2)
  Roxanne (Spider:2)
  A frost giant (IceCv)
  4 ghost moths (Spider:4)
  2 emperor scorpions
  An entropy weaver (Spider:4)
  Nessos (D:12)
  2 spark wasps (Spider:4)
  A dire elephant (Lair:6)
  A minotaur (Lair:1)
  Snorg (Lair:6)
  The ghost of benadryl the Grappler, a journeyman TrFi of Cheibriados (Lair:1)
  A fire dragon (Lair:6)
  2 rakshasas
  The ghost of HendSelp the Cleaver, a journeyman OgBe of Trog (D:9)
  4 vault guards (D:14)
  A boulder beetle (D:12)
  7 hydras
  A great orb of eyes (D:15)
  Harold (D:9)
  Erica (Orc:1)
  10 two-headed ogres
  A catoblepas (Lair:6)
  7 centaur warriors
  A death knight (D:13)
  A tengu warrior (D:14)
  6 dancing weapons (Orc:2)
  4 orc high priests (Orc:2)
  2 deep elf knights (Orc:2)
  Nergalle (Lair:4)
  3 skeletal warriors (D:13)
  A bog body (Lair:3)
  A wizard (D:14)
  3 lindwurms (Lair:6)
  2 deep elf zephyrmancers (Orc:2)
  2 orc knights
  13 orb spiders
  9 deep elf pyromancers
  4 manticores
  An orc sorcerer (D:15)
  27 wolf spiders
  26 ugly things
  A spectral centaur (D:9)
  4 cyclopes
  9 elephants
  5 black mambas
  2 moths of wrath
  Maurice (D:11)
  An ice statue (IceCv)
  A torpor snail (shapeshifter) (D:15)
  15 cane toads
  6 torpor snails (Lair:6)
  A gargoyle (D:12)
  A cane toad (shapeshifter) (D:12)
  7 komodo dragons
  12 demonic crawlers
  3 kobold demonologists (D:12)
  7 rime drakes
  A freezing wraith (D:14)
  2 efreet
  22 polar bears
  2 meliai (Spider:3)
  39 jumping spiders
  4 tyrant leeches (Lair:6)
  6 trolls
  14 slime creatures (D:15)
  12 hornets
  A dream sheep (Lair:6)
  14 blink frogs
  79 redbacks
  3 centaur simulacra
  2 shadows
  27 tarantellas
  3 wyverns
  Sigmund (D:2)
  2 vampires (D:13)
  A wraith (D:10)
  A golden eye (shapeshifter) (Orc:2)
  2 vampire mosquitoes (D:13)
  71 yaks
  2 fire elementals (Orc:2)
  4 basilisks
  2 steam dragons
  4 wargs (Orc:2)
  4 swamp worms (Lair:3)
  An acid dragon (D:11)
  15 water moccasins
  30 orc warriors
  2 black bears
  An ice beast (D:5)
  6 ogres
  22 wolves
  18 centaurs
  2 kobold brigands
  3 gnoll sergeants
  4 scorpions
  12 bullfrogs
  A water moccasin zombie (D:6)
  3 water moccasin skeletons
  12 killer bees
  6 wights
  4 electric eels
  4 howler monkeys
  3 centaur zombies
  A bullfrog zombie (D:5)
  A quasit (D:8)
  3 jellies
  Crazy Yiuf (D:2)
  4 hounds
  17 orc priests
  2 bullfrog skeletons
  2 centaur skeletons
  Jessica (D:2)
  11 hell rats (Lair:6)
  5 iguanas
  35 orc wizards
  A hound zombie (D:5)
  A hound skeleton (D:4)
  A howler monkey zombie (D:8)
  4 adders
  16 gnolls
  12 white imps
  2 ufetubi
  2 worms
  3 dart slugs
  101 orcs
  9 ball pythons
  7 endoplasms
  A giant cockroach (D:1)
  7 goblins
  5 hobgoblins
  8 jackals
  9 kobolds
  7 quokkas
  2 bats
  4 frilled lizards
  A goblin skeleton (D:8)
  2 goblin zombies (D:8)
  A hobgoblin zombie (D:8)
  A kobold zombie (D:8)
  4 orc skeletons (D:8)
  4 orc zombies (D:8)
  5 rats
  A fungus (Lair:6)
1017 creatures vanquished.

Vanquished Creatures (others)
  A deep elf knight (Elf:1)
  A meliai (Spider:3)
  A fire elemental (Elf:1)
  An orc (D:15)
  A kobold (D:12)
  51 fungi
  89 plants
145 creatures vanquished.

Grand Total: 1162 creatures vanquished

Table legend:
 A = Non-vault XP
 B = Vault XP
 C = Vault XP percentage of total XP
 D = Non-vault monster count
 E = Vault monster count
 F = Vault count percentage of total count
                 A         B        C        D         E       F
            +---------+---------+-------+---------+---------+-------
      Total |  157029 |  112567 |  41.8 |     674 |     343 |  33.7
            +---------+---------+-------+---------+---------+-------
        D:1 |      41 |       5 |  10.9 |      24 |       1 |   4.0
        D:2 |     144 |     314 |  68.6 |      18 |       9 |  33.3
        D:3 |     163 |       0 |   0.0 |      11 |       0 |   0.0
        D:4 |     472 |       0 |   0.0 |      24 |       0 |   0.0
        D:5 |     666 |     129 |  16.2 |      15 |       3 |  16.7
        D:6 |     837 |       0 |   0.0 |      21 |       0 |   0.0
        D:7 |     896 |       0 |   0.0 |      20 |       0 |   0.0
        D:8 |    1893 |      58 |   3.0 |      27 |      14 |  34.1
        D:9 |    3615 |    5171 |  58.9 |      28 |      17 |  37.8
       D:10 |    3338 |      84 |   2.5 |      13 |       3 |  18.8
       D:11 |    2060 |     462 |  18.3 |      14 |       1 |   6.7
       D:12 |    6475 |    1828 |  22.0 |      20 |       3 |  13.0
       D:13 |    8471 |       0 |   0.0 |      17 |       0 |   0.0
       D:14 |    6568 |    9625 |  59.4 |      12 |      12 |  50.0
       D:15 |   19173 |    5138 |  21.1 |      45 |       9 |  16.7
     Lair:1 |    7024 |    3250 |  31.6 |      32 |       3 |   8.6
     Lair:2 |   11011 |    2344 |  17.6 |      37 |       2 |   5.1
     Lair:3 |    4136 |    1368 |  24.9 |      13 |       6 |  31.6
     Lair:4 |    5612 |    1512 |  21.2 |      16 |       7 |  30.4
     Lair:5 |    2235 |     580 |  20.6 |       7 |      11 |  61.1
     Lair:6 |    7831 |   16397 |  67.7 |      37 |      38 |  50.7
   Spider:1 |   12954 |    2916 |  18.4 |      43 |       8 |  15.7
   Spider:2 |   18869 |    1904 |   9.2 |      56 |       1 |   1.8
   Spider:3 |   10166 |   11107 |  52.2 |      32 |       9 |  22.0
   Spider:4 |   14444 |   14534 |  50.2 |      32 |      31 |  49.2
      Orc:1 |    2037 |     923 |  31.2 |      18 |       1 |   5.3
      Orc:2 |    5898 |   19941 |  77.2 |      42 |     102 |  70.8
      IceCv |       0 |   12977 | 100.0 |       0 |      52 | 100.0
            +---------+---------+-------+---------+---------+-------

Illustrated notes

Table legend:
 A = Kills in this place as a percentage of kills in entire the game.
 B = Kills by you in this place as a percentage of kills by you in the entire game.
 C = Kills by friends in this place as a percentage of kills by friends in the entire game.
 D = Other kills in this place as a percentage of other kills in the entire game.
 E = Experience gained in this place as a percentage of experience gained in the entire game.
 F = Experience gained in this place divided by the number of levels of this place that you have seen.
                   A       B       C       D       E      F
               +-------+-------+-------+-------+-------+----------------------
         Total | 100.0 | 100.0 |   N/A | 100.0 | 100.0 | 8986.5
       Dungeon |  37.5 |  37.4 |   N/A | 100.0 |  28.8 | 5175.1
          Lair |  20.6 |  20.6 |   N/A |   0.0 |  23.5 | 10550.0
   Spider Nest |  20.8 |  20.9 |   N/A |   0.0 |  32.2 | 21723.5
  Orcish Mines |  16.0 |  16.0 |   N/A |   0.0 |  10.7 | 14399.5
      Ice Cave |   5.1 |   5.1 |   N/A |   0.0 |   4.8 | 12977.0
               +-------+-------+-------+-------+-------+----------------------

Table legend: (Time is in decaauts)
 A = Elapsed time spent in this place.
 B = Non-inter-level travel time spent in this place.
 C = Inter-level travel time spent in this place.
 D = Time resting spent in this place.
 E = Time spent auto-exploring this place.
 F = Levels seen in this place.
 G = Mean time per level.
                   A        B        C        D        E       F      G
               +--------+--------+--------+--------+--------+-----+--------+
         Total |  36006 |  33708 |   2298 |   9334 |  15073 |  30 | 1200.2 |
       Dungeon |  18206 |  16787 |   1419 |   4702 |   7666 |  15 | 1213.7 |
        Temple |     10 |      5 |      5 |      0 |      0 |   1 |   10.0 |
          Lair |  11135 |  10511 |    624 |   3459 |   4891 |   6 | 1855.8 |
   Spider Nest |   3297 |   3201 |     96 |    541 |   1442 |   4 |  824.2 |
  Orcish Mines |   2621 |   2469 |    152 |    557 |   1074 |   2 | 1310.5 |
   Elven Halls |     19 |     19 |      0 |      0 |      0 |   1 |   19.0 |
      Ice Cave |    715 |    715 |      0 |     74 |      0 |   1 |  715.0 |
               +--------+--------+--------+--------+--------+-----+--------+

Top non-repeatable levels by time:
  Lair:1: 2703 daAuts
  Lair:2: 2569 daAuts
  Lair:6: 2293 daAuts
   Orc:2: 2043 daAuts
     D:9: 1783 daAuts
    D:12: 1783 daAuts
     D:4: 1632 daAuts
     D:6: 1456 daAuts
     D:1: 1419 daAuts
     D:2: 1406 daAuts
     D:5: 1387 daAuts
  Lair:4: 1319 daAuts
  Lair:3: 1256 daAuts
     D:8: 1229 daAuts
     D:7: 1098 daAuts
